 Dungeon Crawl Stone Soup version 0.20.0-10-g0535bb4 (webtiles) character file.

7 Gorglomux the Vexing (level 1, 0/7 HPs)
             Began as a Felid Enchanter on June 3, 2017.
             Slain by a kobold
             ... wielding a +0 whip
              (4 damage)
             ... on level 1 of the Dungeon.
             The game lasted 00:00:42 (523 turns).

Gorglomux the Vexing (Felid Enchanter)               Turns: 523, Time: 00:00:42

Health: 0/7        AC:  1    Str:  4    XL:     1   Next: 83%
Magic:  2/4        EV: 18    Int: 16    God:
Gold:   0          SH:  0    Dex: 16    Spells: 3/4 levels left
                                        Lives:  0   Deaths: 0

rFire    . . .     SeeInvis +     - Unarmed
rCold    . . .     Gourm    .   (shield unavailable)
rNeg     . . .     Faith    .   (armour unavailable)
rPois    .         Spirit   .   (helmet unavailable)
rElec    .         Reflect  .   (cloak unavailable)
rCorr    .         Harm     .   (gloves unavailable)
MR       .....                  (boots unavailable)
Stlth    +++.......             (no amulet)
Regen    0.1/turn               (no ring)
MPRegen  0.1/turn               (no ring)

@: very slightly contaminated, quick
A: no armour, no weapons or thrown items, stealth, claws 1, fangs 3, see
invisible, carnivore 3, speed 1, shaggy fur 1, slow metabolism 1, sharp paws
a: no special abilities


You were on level 1 of the Dungeon.
You were not hungry.

You visited 1 branch of the dungeon, and saw 1 of its levels.

Inventory:

Scrolls
 A - a scroll of enchant armour {unknown}
Books
 a - a book of Maledictions

   Spells                             Type                      Level
   a - Corona                         Hexes                        1
   b - Ensorcelled Hibernation        Hexes/Ice                    2
   c - Confuse                        Hexes                        3
   d - Tukima's Dance                 Hexes                        3
   e - Dazzling Spray                 Conjuration/Hexes            3
Comestibles
 z - a meat ration


   Skills:
 + Level 0.2 Fighting
 + Level 3.0 Dodging
 + Level 4.1 Stealth
 + Level 1.2 Unarmed Combat
 - Level 2.0 Spellcasting
 + Level 4.5 Hexes


You had 3 spell levels left.
You knew the following spells:

 Your Spells              Type           Power        Failure   Level  Hunger
a - Corona                Hex            ###....      3%          1    #......


Dungeon Overview and Level Annotations

Branches:
Dungeon (1/15)

Altars:


Innate Abilities, Weirdness & Mutations

You cannot wear armour.
You are incapable of wielding weapons or throwing items.
Your paws allow you to move quietly. (Stealth)
You have sharp claws.
You have razor-sharp teeth.
You have supernaturally acute eyesight. (SInv)
You are carnivorous and can eat meat at any time.
You cover ground quickly.
You are covered in fur. (AC +1)
You have a slow metabolism.
Your sharp claws are effective at attacking unaware monsters.


Message History

The goblin barely misses you.
You scratch the goblin.
You kill the goblin!
Your Dodging skill increases to level 3!
Casting: Corona
Confirm with . or Enter, or press ? or * to list all spells.
Aiming: Corona
Press: ? - help, Shift-Dir - straight line, f - kobold
Aim: a kobold, wielding a whip (chance to defeat MR: 71%)
You miscast Corona.
You are very lightly contaminated with residual magic.
You hear an indistinct dissonance whispering inside your mind.
Casting: Corona
Confirm with . or Enter, or press ? or * to list all spells.
Aiming: Corona
Press: ? - help, Shift-Dir - straight line, f/p - kobold
Aim: a kobold, wielding a whip (chance to defeat MR: 71%)
You miscast Corona.
Nothing appears to happen.
The kobold hits you with a whip.
Ouch! That really hurt!
You die...

#..#####..###.#.#
#.............#.#
#..######.###.#.#
#..##...........#
###.....###.###.###
#.......###.# #.#
#####...........###.##
##...........######...#
##.....K@.....# #.#.#
##....##.......# #...#
##.....##.......# ##.##
##.)..#.##.......# #.#
#....##.#####.#### #.#
#..(###.# #.# #.#
........# #.# #.# #.#
#........ ..# #.# #.#
...###.###### #.# #.#


You could see a kobold.

Vanquished Creatures
  A dart slug (D:1)
  2 giant cockroaches (D:1)
  A goblin (D:1)
4 creatures vanquished.

Notes
Turn   | Place    | Note
-------+----------+-------------------------------------------
     0 | D:1      | Gorglomux the Felid Enchanter began the quest for the Orb.
     0 | D:1      | Reached XP level 1. HP: 7/7 MP: 4/4
   512 | D:1      | Reached skill level 3 in Dodging
   523 | D:1      | Slain by a kobold

Skill      XL: |  1 |
---------------+----+-----
Dodging        | 3 |  3.0
Fighting       | |  0.2
Stealth        | |  4.1
Unarmed Combat | |  1.2
Spellcasting   | |  2.0
Hexes          | |  4.5

Action                   || total
-------------------------++-------
Melee: Unarmed           ||    16
       Bite              ||     2
 Cast: Corona            ||     3
 Stab: Sleeping          ||     1
  Eat: Chunk             ||     1
Armor: Skin              ||     3
Dodge: Dodged            ||    10
